 Dungeon Crawl Stone Soup version 0.30-a0-737-gf23d94013f (webtiles) character file.

Game seed: 9954789117977182282

41 jimonade the Sneak (level 3, -2/21 HPs)
             Began as a Deep Elf Brigand on Feb 1, 2023.
             Slain by a gnoll
             ... wielding a +0 whip
              (4 damage)
             ... on level 1 of the Dungeon.
             The game lasted 00:01:52 (855 turns).

jimonade the Sneak (Deep Elf Brigand)                Turns: 855, Time: 00:01:52

Health: -2/21      AC:  3    Str:  8    XL:     3   Next: 32%
Magic:  5/5        EV: 12    Int: 15    God:
Gold:   21         SH:  0    Dex: 18    Spells: 2/2 levels left

rFire   . . .      SeeInvis .    a - +2 dagger
rCold   . . .      Faith    .    (no shield)
rNeg    . . .      Spirit   .    g - +0 robe
rPois   .          Reflect  .    (no helmet)
rElec   .          Harm     .    c - +0 cloak
rCorr   .          Rampage  .    (no gloves)
Will    .....                    (no boots)
Stlth   +++                      (no amulet)
HPRegen 0.23/turn                (no ring)
MPRegen 0.09/turn                (no ring)

@: no status effects
A: no striking features
a: no special abilities


You were on level 1 of the Dungeon.
You visited 1 branch of the dungeon, and saw 2 of its levels.

You collected 21 gold pieces.

Inventory:

Hand Weapons
 a - a +2 dagger (weapon)
 b - a +0 sling
Missiles
 d - 9 poisoned darts (quivered)
 e - 3 curare-tipped darts
 m - a throwing net
Armour
 c - a +0 cloak (worn)
 g - a +0 robe (worn)
Magical Staves
 i - a staff of poison
Scrolls
 h - a scroll of identify {unknown}
 l - 2 scrolls of fear {unknown}
 p - a scroll of vulnerability {unknown}
 q - a scroll of teleportation {unknown}
 s - a scroll of noise {unknown}
 t - a scroll of enchant armour {unknown}
Potions
 f - a potion of degeneration {unknown}
 j - a potion of brilliance {unknown}
 k - a potion of might {unknown}
 n - a potion of curing {unknown}
 o - 2 potions of heal wounds {unknown}
 r - a potion of lignification {unknown}


   Skills:
 + Level 1.7 Fighting
 + Level 2.0 Short Blades
 * Level 2.5 Ranged Weapons
 - Level 2.0 Throwing
 + Level 1.2 Dodging
 + Level 5.6 Stealth


You had 2 spell levels left.
You didn't know any spells.
Your spell library contained the following spells:

 Spells                   Type           Power      Damage    Failure   Level
 Ignite Poison            Fire/Tmut/Pois 0%         N/A       63%         3
 Olgreb's Toxic Radiance  Pois           0%         N/A       95%         4
 Borgnjor's Vile Clutch   Necr/Erth      0%         N/A       100%        5
 Eringya's Noxious Bog    Tmut/Pois      0%         N/A       100%        6


Dungeon Overview and Level Annotations

Branches:
Dungeon (2/15)

Altars:


Message History

Found an escape hatch in the ceiling.
Found a stone staircase leading up.
There is a stone staircase leading up here.
You shoot a sling bullet. The gnoll shouts!
The kobold shouts!
The sling bullet hits the gnoll but does no damage.
You shoot a sling bullet. The sling bullet hits the gnoll.
The gnoll is lightly wounded.
A frilled lizard comes into view.
A goblin comes into view. It is wielding a +0 club.
You shoot a sling bullet.
The sling bullet barely misses the gnoll.
The gnoll hits you with a +0 whip. The gnoll closely misses you.
The gnoll misses you.
You climb upwards.
There is a stone staircase leading down here.
a - a +2 dagger (weapon)
The gnoll hits you with a +0 whip. The gnoll hits you with a +0 club.
You hit the gnoll.
The gnoll is moderately wounded.
The gnoll hits you with a +0 whip. The gnoll closely misses you.
You hit the gnoll.
The gnoll is severely wounded.
The gnoll closely misses you. The gnoll hits you with a +0 club.
You are too injured to fight recklessly!
You are too injured to fight recklessly!
You are too injured to fight recklessly!
You barely miss the gnoll.
The gnoll is severely wounded.
The gnoll hits you but does no damage. x2
You hit the gnoll but do no damage.
The gnoll is severely wounded.
The gnoll hits you with a +0 whip!
* * * LOW HITPOINT WARNING * * *
The gnoll misses you.
You completely miss the gnoll.
The gnoll is heavily wounded.
You hit the gnoll.
The gnoll is severely wounded.
The gnoll hits you with a +0 whip.
You die...

..# #.....#.#
#.############.###
#............†...#
##############.#.#
###...##### #.#.#
..........## #.#.#
.PPP.......###.#.#
.P.PP......#...#g#
P.PPP......#.###@#
...P.......#.# #g#
...P.......#.###.#
....P........#...#
..PP..############
.....## ...###
..## ###


You could see 2 gnolls.

Vanquished Creatures
  2 gnolls (D:1)
  2 dart slugs (D:1)
  3 ball pythons (D:1)
  An endoplasm (D:1)
  A giant cockroach (D:1)
  A hobgoblin (D:1)
  2 quokkas (D:1)
  A bat (D:1)
  3 frilled lizards (D:1)
  5 rats (D:1)
21 creatures vanquished.

Notes
Turn   | Place    | Note
-------+----------+-------------------------------------------
     0 | D:1      | jimonade the Deep Elf Brigand began the quest for the Orb.
     0 | D:1      | Reached XP level 1. HP: 12/12 MP: 3/3
    45 | D:1      | Reached skill level 5 in Stealth
   267 | D:1      | Reached XP level 2. HP: 17/17 MP: 4/4
   289 | D:1      | Reached skill level 1 in Ranged Weapons
   523 | D:1      | Got the Parchment of Fetid Blasphemous Ceremonies
   565 | D:1      | Reached XP level 3. HP: 21/21 MP: 5/5
   843 | D:2      | Found a faded altar of an unknown god.
   855 | D:1      | Slain by a gnoll

Illustrated notes

Levels and vault maps discovered:
D:1:      psy_arrival_radial02, layout_basic, nicolae_grassy_gnolls
D:2:      layout_basic, basic_altar, nicolae_ecumenical_pavilion,
          minmay_misc_feat_iff, uniq_jessica, uniq_natasha

Skill      XL: |  1  2 |
---------------+-------+-----
Stealth        | 5 |  5.6
Ranged Weapons | 2 |  2.5
Fighting       | |  1.7
Short Blades   | |  2.0
Throwing       | |  2.0
Dodging        | |  1.2

Action                     || total
---------------------------++-------
  Melee: Dagger            ||    35
   Fire: Sling             ||    43
   Stab: Sleeping          ||     1
 Armour: Robe              ||     5
  Dodge: Dodged            ||    37

Table legend: (Time is in decaauts)
 A = Elapsed time spent in this place.
 B = Non-inter-level travel time spent in this place.
 C = Inter-level travel time spent in this place.
 D = Time resting spent in this place.
 E = Time spent auto-exploring this place.
 F = Levels seen in this place.
 G = Mean time per level.
                   A        B        C        D        E       F      G
               +--------+--------+--------+--------+--------+-----+--------+
         Total |    874 |    871 |      3 |      0 |    697 |   2 |  437.0 |
       Dungeon |    874 |    871 |      3 |      0 |    697 |   2 |  437.0 |
               +--------+--------+--------+--------+--------+-----+--------+

Top non-repeatable levels by time:
     D:1: 868 daAuts
     D:2: 5 daAuts
